 Dungeon Crawl Stone Soup version 0.32-a0-913-g739538afd8 (webtiles) character file.

Game seed: 11297937973678633041

176 GiantSquids the Chopper (level 5, -6/39 (45) HPs)
             Began as a Mountain Dwarf Fighter on Apr 7, 2024.
             Was a Priest of Nemelex Xobeh.
             Mangled by a black bear (10 damage)
             ... on level 4 of the Dungeon.
             The game lasted 00:02:51 (2315 turns).

GiantSquids the Chopper (Mountain Dwarf Fighter)    Turns: 2315, Time: 00:02:51

HP:   -6/39 (45)    AC:  6    Str: 21    XL:     5   Next: 30%
MP:   7/7           EV:  8    Int:  8    God:    Nemelex Xobeh [***...]
Gold: 128           SH:  4    Dex:  9    Spells: 4/4 levels left

rFire   . . .        a - +0 war axe
rCold   + . .        c - +0 buckler
rNeg    . . .        b - +0 scale mail
rPois   .            (no helmet)
rElec   .            (no cloak)
rCorr   .            (no gloves)
SInv    .            (no boots)
Will    .....        (no amulet) Stlth
                     p - ring of protection from cold
HPRegen 0.26/turn    (no ring)
MPRegen 0.10/turn

%: no passive effects
@: heavily drained
A: runic magic, artefact enchanting
a: Renounce Religion, Draw Escape, Draw Destruction, Draw Summoning, Triple Draw


You were on level 4 of the Dungeon.
You worshipped Nemelex Xobeh.
Nemelex Xobeh was most pleased with you.
You visited 1 branch of the dungeon, and saw 4 of its levels.

You collected 156 gold pieces.
You spent 28 gold pieces at shops.

Inventory:

Hand Weapons
 a - a +0 war axe (weapon)
Missiles
 g - 5 boomerangs (quivered)
 i - a throwing net
Armour
 b - a +0 scale mail (worn)
 c - a +0 buckler (worn)
Jewellery
 p - a ring of protection from cold (left hand)
Wands
 m - a wand of polymorph (12)
Scrolls
 e - 5 scrolls of identify
 j - a scroll of amnesia {unknown}
 k - a scroll of enchant weapon {unknown}
 l - 2 scrolls of teleportation {unknown}
 o - a scroll of enchant armour {unknown}
Potions
 d - 3 potions of might
 f - 2 potions of degeneration {unknown}
 h - 4 potions of enlightenment {unknown}
 n - 2 potions of curing {unknown}
 q - a potion of brilliance {unknown}


   Skills:
 - Level 3.2 Fighting
 * Level 5.9 Axes
 - Level 3.2 Armour
 - Level 3.2 Shields
 + Level 3.3 Invocations


You had 4 spell levels left.
You didn't know any spells.
Your spell library contained the following spells:

 Spells                   Type           Power      Damage    Failure   Level
 Kiss of Death            Conj/Necr      0%         2d5       56%         1
 Magic Dart               Conj           0%         1d3       56%         1
 Blink                    Tloc           0%         N/A       71%         2
 Call Imp                 Summ           0%         N/A       71%         2
 Confusing Touch          Hex            0%         N/A       90%         3
 Dispel Undead            Necr           0%         3d6       100%        4


Dungeon Overview and Level Annotations

Branches:
Dungeon (4/15)
 Temple: D:4-7

Altars:
Nemelex Xobeh
Qazlal
Vehumet

Shops:
D:1 (   D:4 ?


Innate Abilities, Weirdness & Mutations

Your spellcasting is much less encumbered by armour.
You can use scrolls of enchantment on lesser artefacts.


Message History

You closely miss the black bear. The black bear bites you.
The black bear claws you. x2
You slash the black bear!
The black bear is moderately wounded.
The black bear bites you. The black bear claws you.
The black bear claws you but does no damage.
You closely miss the black bear.
The black bear is moderately wounded.
The black bear barely misses you. You block the black bear's attack.
The black bear claws you but does no damage.
You slash the black bear!
The black bear is severely wounded.
The black bear bites you.
The black bear claws you but does no damage.
The black bear claws you.
The black bear bites you but does no damage.
The black bear closely misses you.
The black bear claws you but does no damage.
You slash the black bear!
The black bear is almost dead.
The black bear goes berserk!
You hit the black bear.
The black bear is almost dead.
The black bear barely misses you. The black bear closely misses you.
The black bear claws you. You block the black bear's attack.
The black bear claws you. The black bear barely misses you.
You hit the black bear.
The black bear is almost dead.
The black bear bites you!
* * * LOW HITPOINT WARNING * * *
The black bear claws you.
* * * LOW HITPOINT WARNING * * *
The black bear barely misses you. The black bear bites you.
* * * LOW HITPOINT WARNING * * *
The black bear claws you but does no damage. x2
You barely miss the black bear.
The black bear is almost dead.
The black bear bites you!
You die...
Your body glows with a rainbow of weird colours and disappears.

.........#####...
.................
..........####...
.................
#############....
.........>..
###############.##
#................#
#@################
#h# ... #....
#..... #......
#....... #.......#


You could see a black bear (berserk).

Vanquished Creatures
  Terence (D:2)
  An orc wizard (D:3)
  6 adders
  2 ribbon worms (D:2)
  A dart slug (D:2)
  8 orcs (D:3)
  2 endoplasms
  3 giant cockroaches
  4 goblins
  3 hobgoblins
  7 jackals (D:2)
  2 quokkas
  4 ball pythons
  3 bats
  A frilled lizard (D:1)
  4 kobolds
  6 rats
58 creatures vanquished.

Notes
Turn   | Place    | Note
-------+----------+-------------------------------------------
     0 | D:1      | GiantSquids the Mountain Dwarf Fighter began the quest for
                  | the Orb.
     0 | D:1      | Reached XP level 1. HP: 19/19 MP: 1/1
    60 | D:1      | Found Faruhoh's Weapon Shoppe.
   109 | D:1      | Reached skill level 3 in Axes
   144 | D:1      | Reached XP level 2. HP: 25/26 MP: 2/2
   502 | D:1      | Found a faded altar of an unknown god.
   506 | D:1      | Prayed at the altar of an unknown god.
   506 | D:1      | Became a worshipper of Nemelex Xobeh the Trickster
   506 | D:1      | Reached * piety under Nemelex Xobeh
   506 | D:1      | Received a gift from Nemelex Xobeh
   820 | D:2      | Noticed Terence
   826 | D:2      | Killed Terence
   827 | D:2      | Reached skill level 4 in Axes
   827 | D:2      | Reached skill level 1 in Invocations
   827 | D:2      | Reached XP level 3. HP: 20/31 MP: 2/4
   844 | D:2      | You fall into a shaft and drop 2 floors!
   844 | D:4      | Found Nuameacs's Magic Scroll Emporium.
   847 | D:4      | Bought a scroll of identify for 28 gold pieces
  1003 | D:2      | Reached ** piety under Nemelex Xobeh
  1137 | D:2      | Reached XP level 4. HP: 38/38 MP: 5/5
  1217 | D:2      | Reached skill level 5 in Axes
  1772 | D:3      | Found a radiant altar of Vehumet.
  1773 | D:3      | Found a stormy altar of Qazlal.
  1916 | D:3      | Found the +18 Lear's hauberk
  1927 | D:3      | Reached XP level 5. HP: 36/43 MP: 7/7
  2236 | D:4      | Reached *** piety under Nemelex Xobeh
  2306 | D:4      | Noticed a black bear
  2315 | D:4      | Mangled by a black bear

Illustrated notes

Levels and vault maps discovered:
D:1:      ebering_trefoil_3fold, layout_basic, serial_shops, nicolae_shop_trees,
          hellmonk_ecumenical_altar_heavens_door
D:2:      layout_basic, uniq_terence
D:3:      layout_rooms, minitemple, kennysheep_generic_room_2
D:4:      layout_basic, dk_xom_monty_hall, serial_shops, nicolae_stop_n_shop_2

Skill      XL: |  1  2  3  4 |
---------------+-------------+-----
Axes           | 3 4 5 |  5.9
Invocations    | 1 2 3 |  3.3
Fighting       | |  3.2
Armour         | |  3.2
Shields        | |  3.2

Action                     |  1- 3 |  4- 6 || total
---------------------------+-------+-------++-------
  Melee: War axe           |    71 |    96 ||   167
 Armour: Scale mail        |    75 |   104 ||   179
  Dodge: Dodged            |    34 |    55 ||    89
  Block: Buckler           |    14 |    26 ||    40

Table legend: (Time is in decaauts)
 A = Elapsed time spent in this place.
 B = Non-inter-level travel time spent in this place.
 C = Inter-level travel time spent in this place.
 D = Time resting spent in this place.
 E = Time spent auto-exploring this place.
 F = Levels seen in this place.
 G = Mean time per level.
                   A        B        C        D        E       F      G
               +--------+--------+--------+--------+--------+-----+--------+
         Total |   2365 |   2297 |     68 |    100 |   1800 |   4 |  591.2 |
       Dungeon |   2365 |   2297 |     68 |    100 |   1800 |   4 |  591.2 |
               +--------+--------+--------+--------+--------+-----+--------+

Top non-repeatable levels by time:
     D:1: 799 daAuts
     D:3: 679 daAuts
     D:2: 635 daAuts
     D:4: 251 daAuts
